 Dungeon Crawl Stone Soup version 0.29-a0-330-g52719c12eb (webtiles) character file.

Game seed: 16751237653436223408

3026 kae the Arsonist (level 9, -4/60 (62) HPs)
             Began as a Demigod Fire Elementalist on Apr 22, 2022.
             Slain by a gnoll
             ... wielding a +1 halberd of draining
              (10 damage)
             ... in a bailey.
             The game lasted 00:09:52 (10747 turns).

kae the Arsonist (Demigod Fire Elementalist)       Turns: 10747, Time: 00:09:53

HP:   -4/60 (62)    AC:  3    Str:  9    XL:     9   Next: 30%
MP:   16/21         EV: 11    Int: 29    God:
Gold: 696           SH:  6    Dex: 14    Spells: 6/19 levels left

rFire   + + .      SeeInvis .   F - staff of fire
rCold   x . .      Faith    .   c - +3 warlock's mirror {reflect}
rNeg    . . .      Spirit   .   a - +0 robe
rPois   .          Reflect  +   v - +0 helmet
rElec   .          Harm     .   (no cloak)
rCorr   .          Rampage  .   (no gloves)
Will    .....                   (no boots)
Stlth   ++........              (no amulet)
HPRegen 0.20/turn               n - ring of flight
MPRegen 0.17/turn               r - ring of fire

@: flying, lightly drained
A: high MP 1, forlorn, divine attributes
a: no special abilities


You were in a bailey.
You visited 1 branch of the dungeon, and saw 8 of its levels.
You also visited: Ossuary and Bailey.

You collected 696 gold pieces.

Inventory:

Hand Weapons
 h - a +1 mace
Armour
 a - a +0 robe (worn)
 c - the +3 warlock's mirror (worn) {reflect}
   (You acquired it on level 4 of the Dungeon)

   It can block and reflect piercing ranged attacks and magical attacks against
   the wielder's willpower.
 f - a +0 hat
 v - a +0 helmet (worn)
Magical Staves
 F - a staff of fire (weapon)
Jewellery
 n - a ring of flight (left hand)
 r - a ring of fire (right hand)
 s - a ring of ice
Wands
 y - a wand of polymorph (10)
 C - a wand of acid (3)
Scrolls
 g - 2 scrolls of enchant weapon
 k - a scroll of fog
 l - 6 scrolls of teleportation
 o - 2 scrolls of enchant armour
 D - 2 scrolls of amnesia
Potions
 b - a potion of magic
 d - a potion of degeneration
 i - a potion of might
 j - 4 potions of curing
 m - a potion of resistance
 p - 2 potions of mutation
 q - 2 potions of lignification
 t - 3 potions of brilliance {unknown}
 u - 2 potions of flight
 w - a potion of invisibility
 x - 2 potions of attraction
 z - 2 potions of haste
 A - 3 potions of heal wounds


   Skills:
 - Level 1.7 Dodging
 - Level 1.7 Stealth
 + Level 5.8 Spellcasting
 + Level 6.0 Conjurations
 * Level 9.2 Fire Magic


You had 6 spell levels left.
You knew the following spells:

 Your Spells              Type           Power      Damage    Failure   Level
a - Foxfire               Conj/Fire      100%       2x1d9     1%          1
b - Scorch                Fire           100%       2d10      1%          2
c - Conjure Flame         Conj/Fire      87%        6-21      1%          3
d - Inner Flame           Hex/Fire       68%        N/A       3%          3
e - Flame Wave            Conj/Fire      87%        2d15      3%          4

Your spell library contained the following spells:

 Spells                   Type           Power      Damage    Failure   Level
 Magic Dart               Conj           100%       1d8       1%          1
 Searing Ray              Conj           86%        2d7       1%          2
 Dazzling Flash           Conj/Hex       52%        N/A       7%          3
 Fireball                 Conj/Fire      43%        3d17      10%         5
 Ensorcelled Hibernation  Hex/Ice        16%        N/A       12%         2
 Fulminant Prism          Conj/Hex       13%        3d9       22%         4
 Portal Projectile        Hex/Tloc       16%        N/A       24%         3
 Agony                    Necr           8%         N/A       91%         5
 Silence                  Hex/Air        4%         N/A       91%         5
 Summon Forest            Summ/Tloc      4%         N/A       91%         5
 Eringya's Noxious Bog    Tmut/Pois      4%         N/A       100%        6
 Summon Hydra             Summ           4%         N/A       100%        7


Dungeon Overview and Level Annotations

Branches:
Dungeon (8/15)             Temple (0/1) D:5            Lair (0/6) D:8
Ossuary (visited)          Bailey (1/1)

Shops:
D:3 [:   D:4 (   D:7 *

Annotations:
D:5 1 runed translucent door, Crazy Yiuf


Innate Abilities, Weirdness & Mutations

You have an increased reservoir of magic. (+10% MP)
You shall have no god before yourself.
Your divine heritage dramatically boosts your attributes as you level up.


Message History

The gnoll shouts!
The gnoll hits you from afar with a +0 halberd of electrocution!
You are electrocuted!
Something unseen opens the door.
Casting: Scorch (safe; 1% risk of failure)
Confirm with . or Enter, or press ? or * to list all spells.
You feel a strong surge of power!
The fire begins to smoulder!
The gnoll closely misses you.
A gnoll comes into view.
It is wielding a +1 halberd of draining.
The fire ignites!
Casting: Conjure Flame (safe; 1% risk of failure)
Confirm with . or Enter, or press ? or * to list all spells.
You feel a strong surge of power!
You conjure some foxfire!
The gnoll barely misses you.
The foxfire hits the gnoll.
The gnoll is moderately wounded.
The foxfire hits the gnoll.
The gnoll is severely wounded.
You block the gnoll's attack.
Casting: Foxfire (safe; 1% risk of failure)
Confirm with . or Enter, or press ? or * to list all spells.
You feel a strong surge of power!
You conjure some foxfire!
The gnoll hits you from afar with a +0 halberd of electrocution.
You are electrocuted!
The foxfire hits the gnoll but does no damage.
The gnoll is severely wounded.
The foxfire hits the gnoll!
You kill the gnoll!
Casting: Foxfire (safe; 1% risk of failure)
Confirm with . or Enter, or press ? or * to list all spells.
You feel a strong surge of power!
You conjure some foxfire!
The gnoll hits you from afar with a +1 halberd of draining!
* * * LOW HITPOINT WARNING * * *
You feel drained.
* * * LOW HITPOINT WARNING * * *
The foxfire hits the gnoll.
The gnoll is moderately wounded.
The foxfire hits the gnoll.
The gnoll is heavily wounded.
The gnoll hits you from afar with a +1 halberd of draining!
You die...

+# #.# ###
### ###
#.#
#.###)#
#'##'##'##
#.....##
#)....###
+..§..')#
#.@§..###
#§§...##
#g##'##'##
'.#
#.###∩#
### ###
###


You could see a gnoll.

Vanquished Creatures
  Maurice (D:8)
  Maggie (D:8)
  A hornet (D:7)
  A wyvern (D:5)
  A steam dragon (D:7)
  An orc warrior (D:8)
  A black bear (D:3)
  An ogre (D:6)
  A centaur (D:6)
  3 kobold brigands
  6 scorpions
  A necrophage (D:4)
  A wight (D:7)
  2 howler monkeys
  3 hounds
  2 orc priests
  2 gnoll shamans
  An iguana (D:3)
  8 orc wizards
  8 mummies (Ossuary)
  14 gnolls
  7 adders
  A white imp (D:4)
  An ufetubus (D:6)
  A worm (D:4)
  A dart slug (D:3)
  28 orcs
  6 ball pythons
  An endoplasm (D:4)
  2 giant cockroaches (D:4)
  8 goblins
  5 hobgoblins
  2 jackals (D:1)
  2 quokkas
  5 bats
  A gnoll zombie (Ossuary)
  2 hobgoblin zombies (Ossuary)
  10 kobolds
  2 kobold zombies (Ossuary)
  3 orc zombies (Ossuary)
  3 rats (D:1)
151 creatures vanquished.

Vanquished Creatures (others)
  447 foxfires
447 creatures vanquished.

Grand Total: 598 creatures vanquished

Notes
Turn   | Place    | Note
-------+----------+-------------------------------------------
     0 | D:1      | kae the Demigod Fire Elementalist began the quest for the
                  | Orb.
     0 | D:1      | Reached XP level 1. HP: 14/14 MP: 5/5
   146 | D:1      | Reached skill level 1 in Conjurations
   519 | D:1      | Reached skill level 3 in Fire Magic
   550 | D:1      | Reached XP level 2. HP: 20/20 MP: 1/7
   560 | D:1      | Learned a level 2 spell: Scorch
  1038 | D:2      | Reached XP level 3. HP: 26/26 MP: 3/8
  1248 | D:2      | Learned a level 3 spell: Conjure Flame
  1692 | D:3      | Reached XP level 4. HP: 15/33 MP: 6/10
  1932 | D:3      | Reached skill level 4 in Fire Magic
  2255 | D:3      | Found Goerphey's Armour Shoppe.
  2336 | D:3      | Found Ikeopol's Book Emporium.
  2390 | D:3      | Reached XP level 5. HP: 38/38 MP: 6/12
  2588 | D:3      | Noticed a black bear
  2598 | D:3      | Killed a black bear
  2780 | D:4      | Found Cifrych's Antique Weapon Boutique.
  2861 | D:4      | Got Coydas's Almanac of Flamy Curses
  3390 | D:4      | Reached skill level 5 in Fire Magic
  3390 | D:4      | Reached XP level 6. HP: 20/45 MP: 6/13
  3846 | D:5      | Entered Level 5 of the Dungeon
  3859 | D:4      | Identified a scroll of acquirement
  3859 | D:4      | Acquired the +3 warlock's mirror {reflect}
  3859 | D:4      | Found the +3 warlock's mirror {reflect}
  4304 | D:5      | Reached XP level 7. HP: 41/50 MP: 9/15
  4428 | D:5      | Found a staircase to the Ecumenical Temple.
  4453 | D:5      | Reached skill level 6 in Fire Magic
  4978 | D:5      | Found a runed translucent door.
  4979 | D:5      | Noticed Crazy Yiuf
  5329 | D:5      | Noticed a wyvern
  5339 | D:5      | Killed a wyvern
  6060 | D:6      | Found a sand-covered staircase.
  6070 | Ossuary  | Entered an ossuary
  6240 | Ossuary  | Reached XP level 8. HP: 57/57 MP: 14/18
  6292 | Ossuary  | Reached skill level 7 in Fire Magic
  6646 | D:6      | Learned a level 3 spell: Inner Flame
  6651 | D:6      | Learned a level 4 spell: Flame Wave
  7516 | D:7      | Found Ystaf's Gadget Gallery.
  7937 | D:7      | Reached skill level 5 in Conjurations
  8104 | D:7      | Identified the ring of the Voivode {rPois MP+9}
  8168 | D:7      | Reached skill level 5 in Spellcasting
  8915 | D:7      | Noticed a hornet
  8921 | D:7      | Reached skill level 8 in Fire Magic
  8921 | D:7      | Killed a hornet
 10167 | D:8      | Noticed Maggie
 10174 | D:8      | Killed Maggie
 10175 | D:8      | Reached XP level 9. HP: 56/62 MP: 15/21
 10319 | D:8      | Noticed a two-headed ogre
 10379 | D:8      | Found a staircase to the Lair.
 10481 | D:8      | Noticed Maurice
 10492 | D:8      | Killed Maurice
 10493 | D:8      | Reached skill level 9 in Fire Magic
 10523 | D:8      | Found a flagged portal.
 10538 | Bailey   | Entered a bailey
 10747 | Bailey   | Slain by a gnoll

Illustrated notes

Levels and vault maps discovered:
D:1:      dpeg_arrival_concentric_ovals, layout_basic,
          shapermc_ecumenical_altar_hornbeckon
D:2:      layout_rooms
D:3:      layout_basic, serial_shops, shop_fountains,
          nicolae_shop_competitors_out_of_business
D:4:      layout_basic, lemuel_tele_altar, serial_shops, nicolae_stop_n_shop_1
D:5:      layout_rooms, minmay_temple_entry_trees,
          chequers_serial_rivers_micro_a, grunt_decor_one_mirror,
          uniq_crazy_yiuf_cottage
D:6:      layout_basic, enter_ossuary_2
D:7:      kb_forest_paths, layout_rooms, kennysheep_cross_bottleneck,
          nicolae_shop_gadgets
D:8:      layout_loops_corners, lair_entry_dummy, enter_bailey_5, uniq_maggie,
          uniq_maurice
Bailey:   bailey_polearm_nasty_gnolls, bailey

Skill      XL: |  1  2  3  4  5  6  7  8  9 |
---------------+----------------------------+-----
Conjurations   | 1 2 3 4 5 6 |  6.0
Fire Magic     | 3 4 5 6 8 9 |  9.2
Spellcasting   | 2 3 4 5 |  5.8
Dodging        | |  1.7
Stealth        | |  1.7

Action                   |  1- 3 |  4- 6 |  7- 9 || total
-------------------------+-------+-------+-------++-------
Melee: Mace              |     3 |     5 |     8 ||    16
       Staff             |       |       |     2 ||     2
 Cast: Foxfire           |    62 |    62 |   138 ||   262
       Scorch            |       |    27 |    56 ||    83
       Flame Wave        |       |       |    20 ||    20
       Inner Flame       |       |       |     5 ||     5
       Conjure Flame     |       |       |     4 ||     4
  Use: Potion            |     2 |     2 |     3 ||     7
       Scroll            |       |     4 |    17 ||    21
Armor: Robe              |     3 |    11 |    17 ||    31
Dodge: Dodged            |    15 |    45 |    52 ||   112
Block: Buckler           |       |     2 |    19 ||    21
       Reflection        |       |       |     1 ||     1

Table legend: (Time is in decaauts)
 A = Elapsed time spent in this place.
 B = Non-inter-level travel time spent in this place.
 C = Inter-level travel time spent in this place.
 D = Time resting spent in this place.
 E = Time spent auto-exploring this place.
 F = Levels seen in this place.
 G = Mean time per level.
                   A        B        C        D        E       F      G
               +--------+--------+--------+--------+--------+-----+--------+
         Total |  10746 |  10419 |    327 |   1901 |   6737 |  10 | 1074.6 |
       Dungeon |  10048 |   9721 |    327 |   1701 |   6433 |   8 | 1256.0 |
       Ossuary |    489 |    489 |      0 |     49 |    296 |   1 |  489.0 |
        Bailey |    208 |    208 |      0 |    151 |      8 |   1 |  208.0 |
               +--------+--------+--------+--------+--------+-----+--------+

Top non-repeatable levels by time:
     D:7: 2554 daAuts
     D:3: 1488 daAuts
     D:5: 1415 daAuts
     D:6: 1335 daAuts
     D:4: 1275 daAuts
     D:1: 974 daAuts
     D:2: 569 daAuts
 Ossuary: 489 daAuts
     D:8: 434 daAuts
  Bailey: 208 daAuts
